 Dungeon Crawl Stone Soup version 0.26.0-10-g1f06aea511 (webtiles) character file.

Game seed: 11317869316257691451

40273 Borgoz the Nimble (level 14, -7/121 HPs)
             Began as a Ghoul Gladiator on Jan 30, 2021.
             Was a Believer of Ashenzari.
             Killed by divine providence
             ... invoked by a meliai
              (19 damage)
             ... on level 14 of the Dungeon.
             The game lasted 00:53:11 (21588 turns).

Borgoz the Nimble (Ghoul Gladiator)                Turns: 21588, Time: 00:53:11

Health: -7/121     AC: 25    Str: 19    XL:     14   Next: 10%
Magic:  13/13      EV: 14    Int:  3    God:    Ashenzari [**....]
Gold:   736        SH:  5    Dex: 14    Spells: 13/13 levels left

rFire    + . .     SeeInvis .   v - +6 great sword (flame)
rCold    + . .     Faith    .   (shield currently unavailable)
rNeg     + + +     Spirit   .   G - +4 chain mail "Kyodot" {Harm}
rPois    ∞         Reflect  +   c - +1 helmet
rElec    .         Harm     +   r - +2 cloak {Stlth+}
rCorr    .         Rampage  .   s - +2 pair of gloves
Will     ++...                  (no boots)
Stlth    ..........             l - amulet of reflection
HPRegen  0.00/turn              C - ring of protection from fire
MPRegen  0.13/turn              b - ring "Inepor" {+Blink rN+ Will+ Stlth-}

@: mighty
A: claws 1, cold resistance 1, negative energy resistance 3, inhibited
regeneration, torment resistance, unbreathing
a: Renounce Religion, Evoke Blink, Curse Item, Scrying


You were on level 14 of the Dungeon.
You worshipped Ashenzari.
Ashenzari was pleased with you.
You visited 2 branches of the dungeon, and saw 15 of its levels.

You collected 936 gold pieces.
You spent 200 gold pieces at shops.

Inventory:

Hand Weapons
 a - a +2 demon blade of draining
 i - the +4 falchion "Zinkiegu" {vorpal, rPois rF+++ rC+ Int-3}
   (You bought it in a shop on level 5 of the Dungeon)

   It inflicts extra damage upon your enemies.
   It affects your intelligence (-3).
   It renders you almost immune to fire.
   It protects you from cold.
   It protects you from poison.
 v - a +6 great sword of flaming (weapon)
 B - the +5 rapier "Naywaint" {flame, rN+ Stlth+}
   (You found it on level 6 of the Dungeon)

   It has been specially enchanted to burn those struck by it, causing extra
   injury to most foes and up to half again as much damage against particularly
   susceptible opponents.
   It protects you from negative energy.
   It makes you more stealthy.
Missiles
 K - 3 throwing nets (quivered)
Armour
 c - a +1 helmet (worn)
 p - a +0 kite shield
 r - a +2 cloak of stealth (worn)
 s - a +2 pair of gloves (worn)
 G - the +4 chain mail "Kyodot" (worn) {Harm}
   (You took it off a crimson imp on level 10 of the Dungeon)

   It increases damage dealt and taken.
Jewellery
 b - the ring "Inepor" (right hand) {+Blink rN+ Will+ Stlth-}
   (You found it on level 13 of the Dungeon)

   [ring of attention]

   It protects you from negative energy.
   It affects your willpower, your defense against some magical effects.
   It lets you blink.
   It makes you less stealthy.
 l - an amulet of reflection (around neck)
 m - an uncursed ring of protection from cold
 z - an uncursed ring of see invisible
 C - a ring of protection from fire (left hand)
Wands
 u - a wand of acid (1)
 E - a wand of disintegration (14)
 J - a wand of iceblast (5)
 L - a wand of paralysis (9)
Scrolls
 e - a scroll of magic mapping
 f - 5 scrolls of blinking
 h - 11 scrolls of teleportation
 n - 6 scrolls of remove curse
 t - 3 scrolls of identify
 A - a scroll of silence
 D - 3 scrolls of enchant armour
Potions
 d - 5 potions of curing
 o - 2 potions of magic
 q - a potion of cancellation
 H - 2 potions of haste
 I - a potion of ambrosia
 N - a potion of attraction


   Skills:
 + Level 10.2 Fighting
 * Level 11.9 Long Blades
 - Level 1.7 Throwing
 * Level 11.6 Armour
 * Level 12.1 Dodging
 - Level 3.0 Stealth


You had 13 spell levels left.
You didn't know any spells.
Your spell library contained the following spells:

 Spells                   Type           Power        Failure   Level
 Corona                   Hex            0%           99%         1
 Magic Dart               Conj           0%           99%         1
 Summon Small Mammal      Summ           0%           99%         1
 Blink                    Tloc           N/A          100%        2
 Call Imp                 Summ           0%           100%        2
 Slow                     Hex            0%           100%        2
 Call Canine Familiar     Summ           0%           100%        3
 Conjure Flame            Conj/Fire      0%           100%        3
 Inner Flame              Hex/Fire       0%           100%        3
 Mephitic Cloud           Conj/Pois/Air  0%           100%        3
 Portal Projectile        Hex/Tloc       0%           100%        3
 Summon Guardian Golem    Hex/Summ       0%           100%        3
 Cause Fear               Hex            0%           100%        4
 Leda's Liquefaction      Hex/Erth       0%           100%        4
 Summon Ice Beast         Ice/Summ       0%           100%        4
 Summon Lightning Spire   Summ/Air       0%           100%        4


Dungeon Overview and Level Annotations

Branches:
Dungeon (14/15)            Temple (1/1) D:4            Lair (0/6) D:11
    Orc (0/2) D:10
 Vaults: D:13-14

Altars:
Ashenzari
Cheibriados
Dithmenos
Elyvilon
Fedhas
Gozag
Hepliaklqana
Kikubaaqudgha
Makhleb
Nemelex Xobeh
Okawaru
Qazlal
Ru
Sif Muna
Trog
Uskayaw
Vehumet
Wu Jian
Xom
Yredelemnul
Zin
The Shining One

Shops:
D:5 (


Innate Abilities, Weirdness & Mutations

You thrive by killing the living.
You are immune to poison.
You have sharp fingernails.
Your flesh is cold resistant. (rC+)
You are immune to negative energy. (rN+++)
You do not regenerate when monsters are visible.
You are immune to unholy pain and torment.
You can survive without breathing.


Message History

The red ugly thing basks in the mutagenic energy from its kin and changes!
A meliai comes into view. It is wielding a -2 war axe.
The meliai buzzes angrily.
The ironheart preserver gestures wildly while chanting.
The ironheart preserver begins to accept its allies' injuries.
The boulder beetle leaps!
The meliai invokes the aid of its god against you.
Something smites you!
The green ugly thing basks in the mutagenic energy from its kin and changes!
The meliai calls down the wrath of its god upon you.
Something smites you!
* * * LOW HITPOINT WARNING * * *
The red ugly thing basks in the mutagenic energy from its kin and changes!
The meliai calls down the wrath of its god upon you.
Something smites you!
* * * LOW HITPOINT WARNING * * *
You feel better.
The meliai invokes the aid of its god against you.
Something smites you!
You die...

#>.............+#####
######...########.....#
. ###...### #.....# #..
###...### #.....# .#..
##...### #...B.Q .'..
#..### #.... ..'.. #.##
######## ##########y.###
#.#
#......###u.u....Q(.T...
#.##
#......@u.u.u.ypy.°.u...
#..#
#......############.e#''
##)# #......# , ,W .#,
#.# #......# {, #
#####.####......# , , ,,
................# * ,, *
* ....)).......#### , *
..........#..## ** *,, *
..............# *,


You could see 5 ugly things and a meliai.

Vanquished Creatures
  Gastronok (D:11)
  Frances (D:12)
  A sphinx (D:13)
  A fire giant (D:13)
  A yaktaur captain (D:13)
  A hydra (D:12)
  Harold (D:11)
  6 two-headed ogres
  3 centaur warriors
  2 unseen horrors
  A phantasmal warrior (D:13)
  A deep elf mage (D:8)
  5 ugly things
  The ghost of loralnil the Chiller, a novice DrIE (D:5)
  5 cyclopes
  3 slime creatures (D:12)
  3 manticores (D:11)
  2 komodo dragons
  Maggie (D:7)
  3 tengu conjurers
  An efreet (D:14)
  5 trolls
  A meliai (shapeshifter) (D:13)
  Grinder (D:3)
  A wraith (D:10)
  Sigmund (D:6)
  A shadow (D:11)
  14 yaks
  2 wyverns
  Eustachio (D:4)
  2 basilisks (D:11)
  A human (D:10)
  5 vampire mosquitoes
  Menkaure (D:7)
  2 steam dragons (D:11)
  A warg (D:10)
  A soldier ant (D:11)
  A water moccasin (D:12)
  A hornet zombie (D:7)
  5 ice beasts
  2 black bears (D:8)
  8 orc warriors
  4 sky beasts
  3 necrophages (D:11)
  4 phantoms
  6 ogres
  11 centaurs
  9 bullfrogs
  2 big kobolds
  3 wyvern zombies
  2 scorpions
  15 killer bees
  2 electric eels (D:6)
  35 wights
  6 howler monkeys
  8 crimson imps (D:10)
  A bullfrog zombie (D:10)
  3 centaur zombies
  A quasit (D:13)
  7 hounds
  6 jellies
  15 orc priests
  12 orc wizards
  A bullfrog skeleton (D:6)
  3 centaur skeletons
  Jessica (D:2)
  16 worker ants
  6 iguanas
  2 killer bee zombies (D:8)
  A hound skeleton (D:8)
  A howler monkey zombie (D:7)
  2 worker ant zombies
  12 adders
  4 shadow imps
  A white imp (D:10)
  3 ufetubi
  3 adder zombies
  2 adder skeletons
  2 worms
  A dart slug (D:3)
  5 leopard geckos
  81 orcs
  6 giant cockroaches
  6 goblins
  5 hobgoblins
  4 jackals (D:8)
  6 quokkas
  2 ball pythons
  10 bats
  2 frilled lizards
  17 kobolds
  2 leopard gecko skeletons
  4 rats
467 creatures vanquished.

Vanquished Creatures (others)
  An orc (D:11)
  34 plants (D:6)
35 creatures vanquished.

Grand Total: 502 creatures vanquished

Notes
Turn   | Place    | Note
-------+----------+-------------------------------------------
     0 | D:1      | Borgoz the Ghoul Gladiator began the quest for the Orb.
     0 | D:1      | Reached XP level 1. HP: 17/17 MP: 0/0
  1254 | D:2      | Reached XP level 2. HP: 18/25 MP: 1/1
  1443 | D:2      | Reached skill level 3 in Dodging
  1518 | D:2      | Noticed Jessica
  1522 | D:2      | Killed Jessica
  1523 | D:2      | Reached skill level 1 in Armour
  1523 | D:2      | Reached XP level 3. HP: 30/30 MP: 2/2
  1713 | D:2      | Reached XP level 4. HP: 36/37 MP: 3/3
  1742 | D:2      | Found a glowing silver altar of Zin.
  1763 | D:2      | Found an iron altar of Okawaru.
  2922 | D:2      | Reached XP level 5. HP: 44/44 MP: 4/4
  3678 | D:3      | Found an ancient bone altar of Kikubaaqudgha.
  3742 | D:3      | Reached skill level 4 in Dodging
  4054 | D:3      | Noticed Grinder
  4058 | D:3      | Paralysed by Grinder for 2 turns
  4074 | D:3      | Paralysed by Grinder for 6 turns
  4113 | D:3      | Paralysed by Grinder for 7 turns
  4124 | D:3      | Killed Grinder
  4125 | D:3      | Reached XP level 6. HP: 21/51 MP: 5/5
  4766 | D:4      | Found a staircase to the Ecumenical Temple.
  4784 | Temple   | Entered the Ecumenical Temple
  4862 | Temple   | Became a worshipper of Ashenzari the Shackled
  5040 | D:4      | Reached XP level 7. HP: 55/57 MP: 6/6
  5116 | D:4      | Noticed Eustachio
  5616 | D:4      | Killed Eustachio
  5617 | D:4      | Reached skill level 1 in Stealth
  5807 | D:4      | Found a white marble altar of Elyvilon.
  5807 | D:4      | Found an ornate altar of the Wu Jian Council.
  6265 | D:4      | Found an opulent altar of Gozag.
  6377 | D:4      | Reached skill level 5 in Dodging
  6449 | D:5      | Entered Level 5 of the Dungeon
  6529 | D:5      | Reached XP level 8. HP: 58/66 MP: 7/7
  6849 | D:5      | Found an ornate altar of the Wu Jian Council.
  6870 | D:5      | Reached skill level 5 in Long Blades
  6951 | D:5      | Found Ysuuriur's Antique Weapon Shop.
  6959 | D:5      | Bought a brightly glowing falchion for 200 gold pieces
  6959 | D:5      | Found a large runed translucent door.
  6960 | D:5      | Found a large runed translucent door.
  6968 | D:5      | Noticed loralnil's ghost (novice DrIE)
  7320 | D:6      | Noticed Sigmund
  7609 | D:6      | Noticed a yak
  7612 | D:6      | Noticed a yak
  7681 | D:6      | Noticed a yak
  7681 | D:6      | Noticed a yak
  7682 | D:6      | Noticed a yak
  7704 | D:5      | Killed a yak
  7994 | D:7      | Noticed Menkaure
  8004 | D:7      | Killed Menkaure
  8005 | D:7      | Reached skill level 5 in Armour
  8005 | D:7      | Reached skill level 6 in Dodging
  8049 | D:7      | Reached XP level 9. HP: 53/73 MP: 8/8
  8086 | D:7      | Reached skill level 5 in Fighting
  8699 | D:7      | Identified the +4 falchion "Zinkiegu" {vorpal, rPois rF+++
                  | rC+ Int-3} (You bought it in a shop on level 5 of the
                  | Dungeon)
  9375 | D:6      | HP: 3/74 [electric eel/bolt of electricity (12)]
  9940 | D:6      | Reached * piety under Ashenzari
  9969 | D:6      | Killed Sigmund
 10022 | D:6      | Reached skill level 7 in Dodging
 10234 | D:6      | Reached XP level 10. HP: 70/83 MP: 9/9
 10474 | D:6      | Got the rapier "Naywaint" {flame, rN+ Stlth+}
 10475 | D:6      | Identified the +5 rapier "Naywaint" {flame, rN+ Stlth+}
                  | (You found it on level 6 of the Dungeon)
 11098 | D:7      | Noticed Maggie
 11109 | D:7      | Killed Maggie
 11246 | D:8      | Noticed a two-headed ogre
 11250 | D:8      | Noticed a centaur warrior
 11262 | D:7      | Killed a two-headed ogre
 11263 | D:7      | Reached skill level 8 in Dodging
 11431 | D:8      | Killed a centaur warrior
 11563 | D:8      | Found a shimmering altar of Xom.
 11565 | D:8      | Found a shimmering altar of Xom.
 11566 | D:8      | Found a shimmering altar of Xom.
 11595 | D:8      | Found a shimmering altar of Xom.
 11595 | D:8      | Found a shimmering altar of Xom.
 11669 | D:8      | Killed an unseen horror
 11670 | D:8      | Reached XP level 11. HP: 59/91 MP: 10/10
 11811 | D:8      | Noticed a deep elf mage
 11821 | D:8      | Killed a deep elf mage
 12311 | D:8      | Found a sparkling altar of Nemelex Xobeh.
 12648 | D:5      | Killed loralnil's ghost
 12854 | D:8      | Noticed a lindwurm
 12922 | D:9      | Found a stormy altar of Qazlal.
 12948 | D:9      | Reached skill level 9 in Dodging
 12989 | D:9      | Noticed a two-headed ogre
 12992 | D:9      | Noticed a two-headed ogre
 13013 | D:9      | Killed a two-headed ogre
 13025 | D:9      | Killed a two-headed ogre
 13673 | D:10     | Entered Level 10 of the Dungeon
 13673 | D:10     | Noticed a two-headed ogre
 13680 | D:10     | Killed a two-headed ogre
 13693 | D:10     | Noticed a cyclops
 14362 | D:10     | Killed a cyclops
 14483 | D:10     | Found a staircase to the Orcish Mines.
 14514 | D:10     | Reached XP level 12. HP: 78/101 MP: 11/11
 15039 | D:10     | Noticed a two-headed ogre
 15044 | D:10     | Killed a two-headed ogre
 15045 | D:10     | Reached skill level 10 in Dodging
 15640 | D:10     | Identified the +4 chain mail "Kyodot" {Harm}
 16315 | D:11     | Reached skill level 10 in Long Blades
 16477 | D:11     | Noticed Gastronok
 16490 | D:11     | Killed Gastronok
 16557 | D:11     | Noticed Harold
 16569 | D:11     | Killed Harold
 16646 | D:11     | Noticed a centaur warrior
 16660 | D:11     | Killed a centaur warrior
 16661 | D:11     | Reached skill level 10 in Armour
 17556 | D:11     | Reached XP level 13. HP: 93/111 MP: 12/12
 17645 | D:11     | Found a staircase to the Lair.
 17758 | D:11     | Reached skill level 11 in Dodging
 18026 | D:12     | Noticed Frances
 18042 | D:12     | Killed Frances
 18308 | D:12     | Reached ** piety under Ashenzari
 19981 | D:13     | Noticed a fire giant
 19992 | D:13     | Noticed a sphinx
 19994 | D:13     | Identified the ring "Inepor" {+Blink rN+ Will+ Stlth-}
 20018 | D:13     | Killed a sphinx
 20032 | D:13     | Killed a fire giant
 20326 | D:13     | Reached skill level 10 in Fighting
 20643 | D:13     | Noticed a yaktaur captain
 20668 | D:13     | Killed a yaktaur captain
 21020 | D:14     | Reached XP level 14. HP: 121/121 MP: 13/13
 21030 | D:14     | Reached skill level 12 in Dodging
 21579 | D:14     | Noticed an ironheart preserver
 21586 | D:14     | HP: 4/121 [meliai/divine providence (19)]
 21588 | D:14     | Killed from afar by a meliai

Illustrated notes

Levels and vault maps discovered:
D:1:      tarquinn_simple_flora_water_d, layout_basic, minmay_misc_feat_encased
D:2:      layout_basic, general_overflow_altar, overflow_temple_1_default,
          uniq_jessica
D:3:      layout_basic, kiku_gazebo_pond_becter, uniq_grinder
D:4:      layout_basic, kennysheep_mini_moat,
          gammafunk_temple_overflow_elements, minmay_temple_entry_purple_smoke,
          minmay_stone_trees_small, uniq_eustachio
D:5:      cheibrodos_helix_gallery, layout_cave_pools, serial_shops, shop,
          basic_altar, ebering_ghost_disaster_area, due_unseen_surprise
D:6:      layout_rooms, serial_bayou, serial_bayou_pond_c, serial_bayou_pond_d,
          serial_bayou_pond_b, serial_bayou_pond_a, serial_bayou_shore_a,
          uniq_sigmund
D:7:      layout_loops_cross, uniq_maggie, uniq_menkaure
D:8:      cheibrodos_fzero, layout_rooms, xom_shifter_show,
          nemelex_altar_shiori, dk_vineyard_1
D:9:      layout_basic, basic_altar
D:10:     layout_basic, erik_orc_4, minmay_nine_imps
D:11:     layout_long_grid, erik_lair_dragon, st_stairs_8, uniq_gastronok,
          uniq_harold
D:12:     layout_loops_ring, uniq_frances
D:13:     layout_gridville, minmay_diamond_spiral
D:14:     layout_basic, skrybe_vaults_entry_preservation, basic_altar
Temple:   jpeg_temple_clearing

Skill      XL: |  1  2  3  4  5  6  7  8  9 10 11 12 13 14 |
---------------+-------------------------------------------+-----
Dodging        | 3 4 5 6 7 8 9 10 11 12 | 12.1
Long Blades    | 3 4 5 7 8 9 10 11 | 11.9
Armour         | 1 2 3 4 5 6 7 9 10 11 | 11.6
Fighting       | 3 4 5 6 8 9 10 | 10.2
Stealth        | 2 3 |  3.0
Throwing       | |  1.7

Action                   |  1- 3 |  4- 6 |  7- 9 | 10-12 | 13-15 || total
-------------------------+-------+-------+-------+-------+-------++-------
Melee: Long sword        |    15 |       |       |       |       ||    15
       Short sword       |    46 |    81 |    98 |       |       ||   225
       Dagger            |       |   207 |   162 |    40 |     8 ||   417
       Falchion          |       |       |   248 |       |       ||   248
       Rapier            |       |       |       |   493 |     1 ||   494
       Demon blade       |       |       |       |   269 |   159 ||   428
       Great sword       |       |       |       |       |   167 ||   167
Throw: Throwing net      |       |     6 |       |       |     3 ||     9
Evoke: Wand              |       |       |     2 |    17 |     3 ||    22
  Use: Scroll            |     3 |     8 |     7 |     7 |     5 ||    30
       Potion            |       |       |     5 |     1 |    10 ||    16
 Stab: Held in net/web   |       |     3 |       |       |     2 ||     5
       Sleeping          |       |       |     5 |     7 |       ||    12
       Distracted        |       |       |       |     1 |       ||     1
Armor: Leather armour    |    38 |    55 |   187 |    11 |       ||   291
       Skin              |       |       |     1 |       |       ||     1
       Steam dragon scal |       |       |       |   153 |       ||   153
       Chain mail        |       |       |       |   103 |   202 ||   305
Dodge: Dodged            |    52 |   130 |   420 |   606 |   227 ||  1435
Block: Other             |       |       |    80 |   173 |    90 ||   343
       Reflection        |       |       |       |     5 |     4 ||     9
       Rpst.: Long sword |     5 |       |       |       |       ||     5
       Falchion          |       |       |    46 |       |       ||    46
       Demon blade       |       |       |       |    45 |    25 ||    70
       Great sword       |       |       |       |       |    29 ||    29
